 Dungeon Crawl Stone Soup version 0.29.0-4-gdea44cf6ec (webtiles) character file.

Game seed: 5383271281986115603

101 qw the Chopper (level 4, 0/26 HPs)
             Began as a Tengu Warper on Aug 28, 2022.
             Slain by a gnoll
             ... wielding a +0 halberd
             ... led by a gnoll bouda
              (7 damage)
             ... on level 4 of the Dungeon.
             The game lasted 00:00:18 (3037 turns).

qw the Chopper (Tengu Warper)                       Turns: 3037, Time: 00:00:19

Health: 0/26       AC: 26    Str: 14    XL:     4   Next: 75%
Magic:  0/8        EV:  0    Int: 17    God:
Gold:   150        SH:  0    Dex: 13    Spells: 7/7 levels left

rFire   . . .      SeeInvis .   Y - +0 hand axe
rCold   . . .      Faith    .   (no shield)
rNeg    . . .      Spirit   +   g - +12 crystal plate armour of Fedhas's Supremacy {+Blink Int+4}
rPois   .          Reflect  .   (helmet restricted)
rElec   .          Harm     .   (no cloak)
rCorr   .          Rampage  .   (no gloves)
Will    .....                   (boots unavailable)
Stlth   ..........              f - amulet of guardian spirit
HPRegen 0.08/turn               (no ring)
MPRegen 0.11/turn               (no ring)

@: weakened
A: beak, talons 3
a: Evoke Blink


You were on level 4 of the Dungeon.
You visited 1 branch of the dungeon, and saw 4 of its levels.

You collected 150 gold pieces.


Innate Abilities, Weirdness & Mutations

You have a beak for a mouth.
You have claws for feet.


   Skills:
 - Level 2.0 Fighting
 - Level 5.1 Axes
 - Level 1.0 Throwing
 + Level 1.5 Armour
 - Level 2.1 Dodging
 - Level 2.0 Spellcasting
 - Level 2.4 Translocations


You had 7 spell levels left.
You didn't know any spells.
Your spell library contained the following spells:

 Spells                   Type           Power      Damage    Failure   Level
 Blink                    Tloc           18%        N/A       100%        2
 Gell's Gravitas          Tloc           9%         N/A       100%        3
 Lesser Beckoning         Tloc           9%         N/A       100%        3
 Teleport Other           Tloc           9%         N/A       100%        3
 Manifold Assault         Tloc           9%         N/A       100%        5

Inventory:

Hand Weapons
 h - a +0 whip
 Y - a +0 hand axe (weapon)
Armour
 g - the +12 crystal plate armour of Fedhas's Supremacy (worn) {+Blink Int+4}
   (You acquired it on level 3 of the Dungeon)

   Int:       It affects your intelligence (+4).
   +Blink:    It lets you blink.
Jewellery
 f - an amulet of guardian spirit (around neck)
Scrolls
 l - a scroll of identify
Potions
 a - a potion of cancellation
 b - a potion of attraction {unknown}
 c - a potion of haste {unknown}
 d - a potion of invisibility {unknown}
 i - a potion of mutation {unknown}

Dungeon Overview and Level Annotations

Branches:
Dungeon (4/15)
 Temple: D:4-7

Altars:

Annotations:
D:3 2 transporters, qw's ghost, amateur TeWr


Message History

You closely miss the gnoll. You peck the gnoll, but do no damage.
The gnoll is lightly wounded.
You closely miss the gnoll bouda. The gnoll hits you with a +0 club.
The gnoll bouda hits you with a +0 whip!
The gnoll hits you from afar with a +0 halberd!
You hit the gnoll but do no damage. Your kick misses the gnoll.
The gnoll is lightly wounded.
You barely miss the gnoll bouda. The gnoll hits you but does no damage.
The gnoll bouda hits you but does no damage.
The gnoll hits you but does no damage.
You hit the gnoll. You claw the gnoll, but do no damage.
The gnoll is moderately wounded.
You hit the gnoll bouda.
Your attacks no longer feel as feeble.
The gnoll hits you but does no damage.
The gnoll bouda gazes fiercely through you!
You feel your attacks grow feeble.
The gnoll bouda hits you but does no damage.
The gnoll hits you but does no damage.
You hit the gnoll but do no damage.
The gnoll is moderately wounded.
You hit the gnoll bouda but do no damage.
The gnoll hits you but does no damage.
The gnoll bouda hits you but does no damage.
The gnoll hits you but does no damage. x2
The gnoll bouda hits you but does no damage.
You hit the gnoll but do no damage. You claw the gnoll, but do no damage.
You peck the gnoll.
The gnoll is moderately wounded.
You hit the gnoll bouda but do no damage.
The gnoll hits you from afar with a +0 halberd.
The gnoll bouda hits you but does no damage.
The gnoll hits you but does no damage.
You barely miss the gnoll.
The gnoll is moderately wounded.
You hit the gnoll bouda but do no damage.
The gnoll hits you from afar with a +0 halberd!
You die...

.## .. #
.#.# #$#.#
##....#
#.....# #
#g....#
#.##@###.#
#..<.gg..#
####.#####
#.# #.#
#.# ..#
###


You could see a gnoll bouda and 2 gnolls.

Vanquished Creatures
  A gnoll (D:3)
  2 adders (D:3)
  An ufetubus (D:3)
  A worm (D:3)
  An orc (D:3)
  7 ball pythons
  5 endoplasms
  3 giant cockroaches
  7 goblins
  6 hobgoblins
  A quokka (D:2)
  9 bats
  3 frilled lizards
  6 kobolds
  9 rats
62 creatures vanquished.

Notes
Turn   | Place    | Note
-------+----------+-------------------------------------------
     0 | D:1      | qw the Tengu Warper began the quest for the Orb.
     0 | D:1      | Reached XP level 1. HP: 12/12 MP: 4/4
     0 | D:1      | 0 ||| qw: Version: 0.1-a-89-g26bdef1
     0 | D:1      | 0 ||| qw: Game counter: 1685
     0 | D:1      | 0 ||| qw: Always use a shield: true
     0 | D:1      | 0 ||| qw: God list: Okawaru
     0 | D:1      | 0 ||| qw: Allow faded altars: false
     0 | D:1      | 0 ||| qw: Do Orc after D:15 true
     0 | D:1      | 0 ||| qw: Do second Lair branch before Depths: true
     0 | D:1      | 0 ||| qw: Lair rune preference: random
     0 | D:1      | 0 ||| qw: Plans: Normal
     0 | D:1      | 0 ||| PLANNING D:1-11
    86 | D:1      | 86 ||| Stepping ~*~*~tactically~*~*~ (stealth).
    88 | D:1      | 88 ||| Stepping ~*~*~tactically~*~*~ (stealth).
   118 | D:1      | Reached XP level 2. HP: 17/17 MP: 6/6
   178 | D:1      | Reached skill level 3 in Axes
   385 | D:1      | 385 ||| Stepping ~*~*~tactically~*~*~ (stealth).
   401 | D:1      | 401 ||| Stepping ~*~*~tactically~*~*~ (stealth).
   402 | D:1      | 402 ||| Stepping ~*~*~tactically~*~*~ (stealth).
   506 | D:1      | You fall into a shaft and drop 1 floor!
   596 | D:2      | 596 ||| Stepping ~*~*~tactically~*~*~ (stealth).
   704 | D:2      | Reached XP level 3. HP: 21/21 MP: 7/7
   901 | D:2      | Reached skill level 4 in Axes
   908 | D:2      | 908 ||| UPGRADING to +0 ring mail.
   918 | D:2      | 918 ||| DROPPING +0 leather armour.
   919 | D:2      | 919 ||| UPGRADING to amulet of guardian spirit.
   924 | D:2      | 924 ||| DROPPING ring of wizardry.
   925 | D:2      | 925 ||| READING scroll labelled XAEFFI KEISAPS.
   926 | D:2      | 926 ||| READING scroll labelled DIPNIA DYXECS.
  1019 | D:2      | 1019 ||| READING scroll labelled OVIYWK NAMAST.
  1020 | D:2      | 1020 ||| READING scroll labelled AJYPTY WUODUTU.
  1024 | D:2      | 1024 ||| READING 4 scrolls labelled REDWIJ PIQUNG.
  1025 | D:2      | 1025 ||| READING 3 scrolls of identify.
  1025 | D:2      | 1025 ||| IDENTIFYING white potion
  1026 | D:2      | 1026 ||| READING 2 scrolls of identify.
  1026 | D:2      | 1026 ||| IDENTIFYING green potion
  1027 | D:2      | 1027 ||| DROPPING scroll of blinking.
  1028 | D:2      | 1028 ||| DROPPING potion of brilliance.
  1029 | D:2      | 1029 ||| DROPPING potion of flight.
  1244 | D:1      | Found a faded altar of an unknown god.
  1825 | D:2      | 1825 ||| READING 2 scrolls of identify.
  1825 | D:2      | 1825 ||| IDENTIFYING viscous clear potion
  1846 | D:3      | 1846 ||| STAIRDANCE
  1851 | D:3      | 1851 ||| STAIRDANCE
  1930 | D:3      | Found a transporter.
  1932 | D:3      | Noticed a scorpion
  1933 | D:3      | Found a transporter.
  1933 | D:3      | Noticed qw's ghost (amateur TeWr)
  1934 | D:3      | 1934 ||| Stepping ~*~*~tactically~*~*~ (stealth).
  1955 | D:3      | 1955 ||| Stepping ~*~*~tactically~*~*~ (stealth).
  2030 | D:3      | Reached XP level 4. HP: 26/26 MP: 8/8
  2280 | D:3      | 2280 ||| DROPPING +0 club.
  2329 | D:3      | Reached skill level 5 in Axes
  2330 | D:3      | HP: 6/26 [poisoned by an adder]
  2791 | D:3      | 2791 ||| UPGRADING to +0 scale mail.
  2801 | D:3      | 2801 ||| DROPPING +0 ring mail.
  2802 | D:3      | 2802 ||| READING scroll labelled ATUEWN DOIKYINO.
  2903 | D:3      | 2903 ||| READING scroll labelled PIURIW BUOCSY.
  2904 | D:3      | 2904 ||| READING scroll labelled WOATAMISASCH.
  2904 | D:3      | Identified a scroll of acquirement
  2904 | D:3      | 2904 ||| ACQUIRING +12 crystal plate armour of Fedhas's
                  | Supremacy {+Blink Int+4}
  2904 | D:3      | Acquired the +12 crystal plate armour of Fedhas's Supremacy
                  | {+Blink Int+4}
  2906 | D:3      | 2906 ||| UPGRADING to +12 crystal plate armour of Fedhas's
                  | Supremacy {+Blink Int+4}.
  2916 | D:3      | 2916 ||| DROPPING +0 scale mail.
  2950 | D:4      | 2950 ||| STAIRDANCE
  3037 | D:4      | Slain by a gnoll

Levels and vault maps discovered:
D:1:      lemuel_arrival_river_bridge, layout_rooms,
          ebering_ecumenical_altar_mist, minmay_misc_feat_cross
D:2:      layout_loops_ring
D:3:      minmay_chambers_of_twos, layout_rooms, gammafunk_ghost_arena,
          dk_vineyard_2
D:4:      layout_loops_corners, temple_fountains

Skill      XL: |  1  2  3  4 |
---------------+-------------+-----
Axes           | 3 4 5 |  5.1
Fighting       | |  2.0
Throwing       | |  1.0
Armour         | |  1.5
Dodging        | |  2.1
Spellcasting   | |  2.0
Translocations | |  2.4

Action                   |  1- 3 |  4- 6 || total
-------------------------+-------+-------++-------
Melee: Hand axe          |   105 |    60 ||   165
       Kick              |    18 |    22 ||    40
       Peck              |    10 |    11 ||    21
Throw: Boomerang         |     7 |       ||     7
  Use: Scroll            |     8 |     3 ||    11
Armor: Leather armour    |    27 |       ||    27
       Ring mail         |    17 |     8 ||    25
       Crystal plate arm |       |    39 ||    39
Dodge: Dodged            |    63 |    16 ||    79

Table legend:
 A = Non-vault XP
 B = Vault XP
 C = Vault XP percentage of total XP
 D = Non-vault monster count
 E = Vault monster count
 F = Vault count percentage of total count
                 A         B        C        D         E       F
            +---------+---------+-------+---------+---------+-------
      Total |     112 |      33 |  22.8 |      54 |       8 |  12.9
            +---------+---------+-------+---------+---------+-------
        D:1 |      34 |       0 |   0.0 |      21 |       0 |   0.0
        D:2 |      32 |       0 |   0.0 |      20 |       0 |   0.0
        D:3 |      46 |      33 |  41.8 |      13 |       8 |  38.1
            +---------+---------+-------+---------+---------+-------
